 Dungeon Crawl Stone Soup version 0.29.1-debian-1-gc3f1650bb9 (webtiles) character file.

Game seed: 11185238705451871285

179 IdlyInterested the Cudgeller (level 5, -2/63 HPs)
             Began as a Demonspawn Berserker on Sept 12, 2022.
             Was a Believer of Trog.
             Slain by an orc
             ... wielding a +0 flail
              (4 damage)
             ... on level 3 of the Dungeon.
             The game lasted 00:06:58 (3019 turns).

IdlyInterested the Cudgeller (Demonspawn Berserker) Turns: 3019, Time: 00:06:59

Health: -2/63      AC:  6    Str: 20    XL:     5   Next: 33%
Magic:  5/5        EV: 11    Int: 11    God:    Trog [**....]
Gold:   178        SH:  0    Dex: 14    Spells: 4/4 levels left

rFire   . . .      SeeInvis .   k - +2 whip of Dinu {drain, *Corrode Str+2 Int+3}
rCold   . . .      Faith    .   (no shield)
rNeg    . . .      Spirit   .   b - +1 scale mail {rPois}
rPois   +          Reflect  .   i - +2 helmet
rElec   .          Harm     .   (no cloak)
rCorr   .          Rampage  .   (no gloves)
Will    .....                   (no boots)
Stlth   ..........              (no amulet)
HPRegen 0.20/turn               (no ring)
MPRegen 0.09/turn               (no ring)

@: berserking, corroded, very quick
A: sturdy frame 1, demonic magic 1, demonic touch 2
a: Renounce Religion, Berserk, Trog's Hand


You were on level 3 of the Dungeon.
You worshipped Trog.
Trog was pleased with you.
You visited 1 branch of the dungeon, and saw 3 of its levels.

You collected 178 gold pieces.

Inventory:

Hand Weapons
 a - a +1 mace of chaos
 k - the +2 whip of Dinu (weapon) {drain, *Corrode Str+2 Int+3}
   (You found it on level 3 of the Dungeon)

   A truly terrible weapon, it drains the life of any living foe it strikes.
   Str:       It affects your strength (+2).
   Int:       It affects your intelligence (+3).
   *Corrode:  It may corrode you when you take damage.
Missiles
 c - 14 poisoned darts
Armour
 b - a +1 scale mail of poison resistance (worn)
 i - a +2 helmet (worn)
 m - a +0 chain mail
Scrolls
 f - a scroll of teleportation {unknown}
 j - a scroll of blinking
Potions
 e - 3 potions of curing {unknown}
 g - 2 potions of brilliance {unknown}
 h - a potion of ambrosia {unknown}


   Skills:
 + Level 3.6 Fighting
 * Level 3.8 Maces & Flails
 + Level 2.7 Armour
 - Level 1.7 Dodging
 * Level 2.3 Unarmed Combat


You had 4 spell levels left.
You didn't know any spells.
Your spell library was empty.

Dungeon Overview and Level Annotations

Branches:
Dungeon (3/15)

Altars:

Shops:
D:1 =


Innate Abilities, Weirdness & Mutations

Your movements are slightly less encumbered by armour. (ER -2)
Spells you cast may paralyse adjacent enemies.
Your touch may inflict irresistible damage on your foes.


Message History

You miss something.
You touch something.
Trog accepts your kill.
Trog appreciates your killing of a magic user.
Reactivating autopickup.
You feel a bit more experienced. The orc hits you with a +0 flail.
* * * LOW HITPOINT WARNING * * *
Something hits you.
* * * LOW HITPOINT WARNING * * *
Deactivating autopickup; reactivate with Ctrl-A.
The orc barely misses you.
You have reached level 5!
Your demonic ancestry asserts itself...
You feel less encumbered by your armour.
You barely miss the orc priest. Your touch misses the orc priest.
The orc priest is almost dead.
The quokka bites you.
* * * LOW HITPOINT WARNING * * *
You hit the orc priest.
You kill the orc priest!
Trog accepts your kill. The orc misses you. The orc hits you with a +0 whip.
* * * LOW HITPOINT WARNING * * *
Something hits you but does no damage.
The quokka bites you but does no damage.
You miss something. You barely miss something. The quokka bites you.
* * * LOW HITPOINT WARNING * * *
The orc completely misses you. The orc closely misses you.
Something hits you but does no damage.
You closely miss something.
The quokka bites you but does no damage.
The orc completely misses you. The orc hits you with a +0 flail.
* * * LOW HITPOINT WARNING * * *
Something hits you but does no damage.
You hit something.
You are too berserk!
You closely miss something.
The quokka bites you but does no damage.
The orc hits you but does no damage. The orc hits you with a +0 flail.
You die...

#.#.......#
#######.......
+.......# #.......
#.......# #.......
#.......#### #.......
#.......##.# #.......
#.......##.####
#......)
#.......'.....#
#.......
#.......##.##+########
#.......
#####........o@).....#
#.......
#.###....r{o.....#
########
#................#
#........!.......#
#................#
#................#
#................#
#..§§§§§.........#
.(.#.#.........


You could see 2 orcs and a quokka.

Vanquished Creatures
  An orc priest (D:3)
  An orc wizard (D:3)
  Robin (D:3)
  3 adders
  A worm (D:2)
  4 dart slugs
  2 orcs (D:3)
  3 endoplasms
  A giant cockroach (D:1)
  18 goblins
  6 hobgoblins
  8 jackals
  A quokka (D:1)
  4 ball pythons
  A bat (D:2)
  2 frilled lizards
  9 kobolds
  4 rats
70 creatures vanquished.

Notes
Turn   | Place    | Note
-------+----------+-------------------------------------------
     0 | D:1      | IdlyInterested the Demonspawn Berserker began the quest for
                  | the Orb.
     0 | D:1      | Reached XP level 1. HP: 18/18 MP: 1/1
   313 | D:1      | Gained mutation: Your touch may inflict minor irresistible
                  | damage on your foes. [demonic ancestry]
   313 | D:1      | Reached XP level 2. HP: 21/24 MP: 2/2
   590 | D:1      | Found Ruschuwy's Jewellery Shoppe.
  1094 | D:1      | Gained mutation: Spells you cast may paralyse adjacent
                  | enemies. [demonic ancestry]
  1094 | D:1      | Reached XP level 3. HP: 21/29 MP: 3/3
  1095 | D:1      | Reached ** piety under Trog
  1525 | D:2      | Reached skill level 1 in Unarmed Combat
  1892 | D:2      | Found a faded altar of an unknown god.
  2295 | D:3      | Gained mutation: Your touch may inflict irresistible damage
                  | on your foes. [demonic ancestry]
  2295 | D:3      | Reached XP level 4. HP: 35/35 MP: 4/4
  2525 | D:3      | Noticed Robin
  2534 | D:3      | Killed Robin
  2991 | D:3      | Identified the +2 whip of Dinu {drain, *Corrode Str+2
                  | Int+3}
  3013 | D:3      | Gained mutation: Your movements are slightly less
                  | encumbered by armour. (ER -2) [demonic ancestry]
  3013 | D:3      | Reached XP level 5. HP: 13/41 MP: 5/5
  3017 | D:3      | HP: 1/63 [orc/+0 flail (4)]
  3019 | D:3      | Slain by an orc

Illustrated notes

Levels and vault maps discovered:
D:1:      dpeg_arrival_simpleton_b, layout_loops_ring, serial_shops, shop,
          chequers_serial_rivers_micro_a, kennysheep_decorative_pillar
D:2:      layout_rooms, hellmonk_ecumenical_altar_zigzags,
          kennysheep_big_empty_room
D:3:      layout_basic, grunt_dithmenos_smoke_and_mirrors, serial_shops,
          nicolae_square_shop, uniq_robin

Skill      XL: |  1  2  3  4 |
---------------+-------------+-----
Armour         | 2 |  2.7
Maces & Flails | 3 |  3.8
Unarmed Combat | 1 2 |  2.3
Fighting       | |  3.6
Dodging        | |  1.7

Action                   |  1- 3 |  4- 6 || total
-------------------------+-------+-------++-------
Melee: Mace              |   100 |    58 ||   158
       Touch             |    17 |     6 ||    23
       Punch             |     1 |       ||     1
       Whip              |       |    12 ||    12
Invok: Berserk           |       |     2 ||     2
       Trog's Hand       |       |     1 ||     1
  Use: Scroll            |     6 |     4 ||    10
       Potion            |       |     1 ||     1
 Stab: Sleeping          |     1 |       ||     1
Armor: Animal skin       |     6 |       ||     6
       Chain mail        |     5 |       ||     5
       Leather armour    |     4 |       ||     4
       Scale mail        |    18 |    59 ||    77
Dodge: Dodged            |    73 |    64 ||   137
